 Dungeon Crawl Stone Soup version 0.19.5 (webtiles) character file.

67 Wilfredo the Cudgeler (level 3, -10/37 HPs)
             Began as a Troll Berserker on Apr 29, 2017.
             Was a Believer of Trog.
             Mangled by Pikel
             ... wielding a +1 whip of electrocution
              (18 damage)
             ... on level 4 of the Dungeon.
             The game lasted 00:18:03 (1367 turns).

Wilfredo the Cudgeler (Troll Berserker)             Turns: 1367, Time: 00:18:04

Health: -10/37     AC:  5    Str: 26    XL:     3   Next: 98%
Magic:  2/2        EV: 10    Int:  3    God:    Trog [**....]
Gold:   117        SH:  0    Dex:  9    Spells: 0 memorised, 2 levels left

rFire  . . .     SeeInvis .     i - +4 spear
rCold  . . .     Gourm    +     b - +0 animal skin
rNeg   . . .     Faith    .     (no shield)
rPois  .         Spirit   .     (helmet restricted)
rElec  .         Reflect  .     (no cloak)
rCorr  .         Harm     .     (gloves unavailable)
MR     ++...                    (boots unavailable)
Stlth  +.........               (no amulet)
                                (no ring)
                                (no ring)

@: regenerating
A: unfitting armour, claws 3, fast metabolism 3, gourmand, regeneration 1,
shaggy fur 1, tough skin 2
a: Berserk, Trog's Hand, Burn Spellbooks, Renounce Religion


You were on level 4 of the Dungeon.
You worshipped Trog.
Trog was pleased with you.
You were not hungry.

You visited 1 branch of the dungeon, and saw 4 of its levels.

You collected 117 gold pieces.

Inventory:

Hand Weapons
 a - a +0 mace
 i - a +4 spear (weapon)
Missiles
 d - 43 stones (quivered)
 q - 20 bolts
Armour
 b - a +0 animal skin (worn)
Scrolls
 f - a scroll of enchant armour {unknown}
 m - a scroll of immolation {unknown}
 s - a scroll of remove curse
 t - 2 scrolls of magic mapping
Potions
 e - a potion of heal wounds
 h - a potion of lignification
 j - a potion of brilliance
 n - a potion of degeneration
 p - a potion of resistance
 r - 2 potions of curing
Comestibles
 c - 3 bread rations
 g - a meat ration
 l - 3 chunks of flesh


   Skills:
 + Level 3.0 Fighting
 - Level 3.2 Maces & Flails
 * Level 0.8 Polearms
 + Level 2.9 Dodging


You had 2 spell levels left.
You didn't know any spells.

Dungeon Overview and Level Annotations

Branches:
Dungeon (4/15)
 Temple: D:4-7

Altars:

Annotations:
D:4 Pikel


Innate Abilities, Weirdness & Mutations

You are too large for most types of armour.
You have claws for hands.
Your metabolism is lightning-fast.
You like to eat raw meat.
Your natural rate of healing is unusually fast.
You are covered in fur. (AC +1)
You have very tough skin. (AC +2)


Message History

Pikel hits you with a whip of electrocution.
You hit Pikel but do no damage.
Pikel is heavily wounded.
Pikel hits you with a whip of electrocution!
* * * LOW HITPOINT WARNING * * *
You fail to use your ability.
Pikel closely misses you.
Your skin crawls.
You feel resistant to hostile enchantments.
You feel somewhat more hungry.
Pikel hits you with a whip of electrocution.
* * * LOW HITPOINT WARNING * * *
You closely miss Pikel.
Pikel is heavily wounded.
Pikel hits you but does no damage.
You puncture Pikel!
Pikel is severely wounded.
Pikel hits you with a whip of electrocution.
* * * LOW HITPOINT WARNING * * *
You are electrocuted!
You die...

###### ###.#..## ###
........#######.# .
..............#.####....
..##########....@Kppp(.(
### ########p.... # ...
.


You could see Pikel and 4 slaves.

Vanquished Creatures
  An adder (D:2)
  2 oozes (D:1)
  3 worms
  2 dart slugs
  2 leopard geckos
  An orc (D:3)
  A giant cockroach (D:3)
  A goblin (D:1)
  3 hobgoblins
  4 jackals (D:2)
  4 kobolds
  2 ball pythons
  A bat (D:3)
  A frilled lizard (D:1)
  9 rats
37 creatures vanquished.

Notes
Turn   | Place    | Note
-------+----------+-------------------------------------------
     0 | D:1      | Wilfredo the Troll Berserker began the quest for the Orb.
     0 | D:1      | Reached XP level 1. HP: 22/22 MP: 0/0
    47 | D:1      | Reached XP level 2. HP: 29/29 MP: 1/1
   448 | D:2      | Reached XP level 3. HP: 36/36 MP: 2/2
  1060 | D:3      | Reached ** piety under Trog
  1342 | D:4      | Noticed Pikel
  1343 | D:4      | Noticed a slave
  1343 | D:4      | Noticed a slave
  1344 | D:4      | Noticed a slave
  1350 | D:4      | Noticed a slave
  1367 | D:4      | Mangled by Pikel

Skill      XL: |  1  2  3 |
---------------+----------+-----
Maces & Flails | 3 |  3.2
Fighting       | 3 |  3.0
Polearms       | |  0.8
Dodging        | |  2.9

Action                   || total
-------------------------++-------
Melee: Mace              ||    44
       Spear             ||    88
Throw: Tomahawk          ||     3
Invok: Trog's Hand       ||     1
  Use: Scroll            ||     9
  Eat: Chunk             ||    10
Armor: Animal skin       ||    38
Dodge: Dodged            ||    55
